 Dungeon Crawl Stone Soup version 0.30-a0-696-g2367cd04db (webtiles) character file.

Game seed: 1877439198235604474

119815 holysushi the Spry (level 17, 0/133 HPs)
             Began as a Djinni Necromancer on Jan 21, 2023.
             Was an Initiate of Gozag.
             Slain by a ghost moth (15 damage)
             ... on level 2 of the Spider Nest.
             The game lasted 01:10:51 (27998 turns).

holysushi the Spry (Djinni Necromancer)            Turns: 27998, Time: 01:10:51

Health: 0/133      AC: 10    Str:  6 (10) XL:     17   Next: 35%
Gold:   1609       EV: 27    Int: 19 (20) God:    Gozag SH: 11 Dex: 18 (19)

rFire   + + +      SeeInvis +    N - +7 broad axe of Pride {flame, rPois rC+ Str+3}
rCold   + . .      Faith    .    S - +0 kite shield
rNeg    . . .      Spirit   .    x - +2 robe {rC+ rF+}
rPois   ∞          Reflect  .    J - +1 hat "Paofeaj" {+Blink}
rElec   .          Harm     .    K - +2 cloak
rCorr   .          Rampage  .    m - +1 pair of gloves
Will    ++...                    (boots unavailable)
Stlth   +++                      O - amulet of regeneration
HPRegen 0.00/turn                H - ring of Jiomp {EV+5 Int-4 Dex+4 SInv Stlth+}
MPRegen 0.00/turn                L - ring of willpower

@: gold aura, flying, inhibited regen, slowed, lost strength, very slow
A: sickness immunity, fire resistance 2, cold vulnerability 1, float, innate
caster, HP casting, extra vitality 1
a: Renounce Religion, Evoke Blink, Potion Petition, Call Merchant, Bribe Branch


You were on level 2 of the Spider Nest.
You worshipped Gozag.
Gozag was most pleased with you.
You visited 5 branches of the dungeon, and saw 24 of its levels.
You also visited: Sewer, Bailey and Volcano.

You collected 6935 gold pieces.
You spent 2292 gold pieces at shops.
You paid 3034 gold pieces to Gozag.

Inventory:

Hand Weapons
 s - a +2 dagger of chaos
 w - a +5 short sword of protection
 I - a +2 scimitar of flaming
 N - the +7 broad axe of Pride (weapon) {flame, rPois rC+ Str+3}
   (You took it off a kobold on level 9 of the Dungeon)

   Str:       It affects your strength (+3).
   rC:        It protects you from cold.
   rPois:     It protects you from poison.
 P - the +4 short sword "Geocise" {flame, rPois rN++ Str-2 Stlth+}
   (You bought it in a shop on level 10 of the Dungeon)

   Str:       It affects your strength (-2).
   rPois:     It protects you from poison.
   rN:        It greatly protects you from negative energy.
   Stlth:     It makes you more stealthy.
 X - the +9 scimitar "Myuskug" {spect, rElec rPois rF+ Str-5}
   (You bought it in a shop on level 10 of the Dungeon)

   Str:       It affects your strength (-5).
   rF:        It protects you from fire.
   rElec:     It insulates you from electricity.
   rPois:     It protects you from poison.
 Y - the +7 scimitar "Zunirenga" {venom, Dex+5}
   (You bought it in a shop on level 10 of the Dungeon)

   Dex:       It affects your dexterity (+5).
Missiles
 M - 6 throwing nets
Armour
 a - a +0 robe
 c - a +0 buckler
 m - a +1 pair of gloves (worn)
 o - a +0 cloak
 x - a +2 robe of resistance (worn)
 J - the +1 hat "Paofeaj" (worn) {+Blink}
   (You acquired it on level 3 of the Shoals)

   +Blink:    It lets you blink.
 K - a +2 cloak (worn)
 S - a +0 kite shield (worn)
Magical Staves
 Q - a staff of death
Jewellery
 G - a +6 ring of intelligence
 H - the ring of Jiomp (left hand) {EV+5 Int-4 Dex+4 SInv Stlth+}
   (You found it on level 7 of the Dungeon)

   [ring of evasion]

   EV:        It affects your evasion (+5).
   Int:       It affects your intelligence (-4).
   Dex:       It affects your dexterity (+4).
   SInv:      It lets you see invisible.
   Stlth:     It makes you more stealthy.
 L - a ring of willpower (right hand)
 O - an amulet of regeneration (around neck)
 T - a ring of fire
 U - a ring of wizardry
 W - a ring of ice
 Z - an amulet of the acrobat
Wands
 r - a wand of charming (11)
 z - a wand of polymorph (18)
 C - a wand of roots (31)
 F - a wand of flame (34)
 R - a wand of mindburst (6)
Scrolls
 l - 2 scrolls of fear
 n - a scroll of torment
 v - 17 scrolls of identify
 y - 2 scrolls of fog
 A - 5 scrolls of enchant weapon
 B - 7 scrolls of teleportation
Potions
 d - 7 potions of ambrosia
 e - 2 potions of lignification
 f - 2 potions of invisibility
 g - a potion of resistance
 h - 5 potions of attraction
 i - 6 potions of brilliance
 j - 4 potions of heal wounds
 k - 17 potions of curing
 p - a potion of haste
 t - 11 potions of mutation
 D - 3 potions of cancellation
 E - 3 potions of might


   Skills:
 - Level 16.0 Fighting
 - Level 16.9 Dodging
 - Level 1.5 Stealth
 + Level 6.8 Shields
 + Level 16.2 Spellcasting
 - Level 5.0 Evocations


You had 5 spell levels left.
You knew the following spells:

 Your Spells              Type           Power      Damage    Failure   Level
a - Foxfire               Conj/Fire      100%       2x1d9     0%          1
b - Vampiric Draining     Necr           67%        2d10      1%          3
c - Eringya's Noxious Bo  Tmut/Pois      33%        N/A       1%          6
d - Dispersal             Tloc           33%        N/A       1%          6
e - Olgreb's Toxic Radia  Pois           67%        N/A       1%          4
f - Wereblood             Tmut           67%        N/A       1%          2
g - Call Imp              Summ           67%        N/A       1%          2
h - Necrotise             Necr           100%       1d9       0%          1
i - Cause Fear            Hex            33%        N/A       1%          4
j - Blade Hands           Tmut           33%        N/A       1%          5
k - Agony                 Necr           67%        N/A       1%          5
l - Animate Dead          Necr           67%        N/A       1%          4
Your spell library was empty.

Dungeon Overview and Level Annotations

Branches:
Dungeon (12/15) Zot: 25405  Temple (1/1) D:5 Zot: 5878    Lair (5/5) D:8 Zot: 24776
 Shoals (3/4) Lair:3 Zot: 14147  Spider (3/4) Lair:3 Zot: 15300   Slime (0/5) Lair:4
    Orc (0/2) D:12          Sewer (visited)          Bailey (visited)
Volcano (visited)

Altars:
Ashenzari
Cheibriados
Dithmenos
Elyvilon
Fedhas
Gozag
Hepliaklqana
Makhleb
Nemelex Xobeh
Okawaru
Qazlal
Ru
Trog
Uskayaw
Wu Jian
Xom
Yredelemnul
Zin
The Shining One
Jiyva

Shops:
D:3 !   D:6 !   D:8 (*   D:10 (*   D:11 (   Lair:3 [

Annotations:
Shoals:2 Roxanne
Shoals:3 Bai Suzhen


Innate Abilities, Weirdness & Mutations

You are immune to sickness and miasma.
You are immune to poison.
Your flesh is very heat resistant. (rF++)
You are vulnerable to cold. (rC-)
You float through the air rather than walking.
You learn spells naturally, not from books.
Your magical power is your life essence.
You have superior vitality. (+4 MHP)


Message History

The ghost moth stings you.
You feel weakened.
You can move again.
Unknown command.
You feel stronger.
The +7 broad axe of Pride {flame, rPois rC+ Str+3} bursts into flame!
N - the +7 broad axe of Pride (weapon)
{flame, rPois rC+ Str+3} The ghost moth stares at you.
The ghost moth completely misses you. You block the ghost moth's attack. x2
You slash the ghost moth! You burn the ghost moth.
The ghost moth is moderately wounded.
The ghost moth is engulfed in a cloud of scalding steam.
The ghost moth stares at you. The ghost moth hits you!
* * * LOW HITPOINT WARNING * * *
You feel clumsy. The ghost moth closely misses you.
The ghost moth stings you but does no damage.
The ghost moth is engulfed in a cloud of scalding steam.
The ghost moth stares at you. The ghost moth barely misses you.
The ghost moth hits you but does no damage.
The ghost moth misses you.
The ghost moth is distracted by your dazzling golden aura.
Casting: Foxfire (safe; 0% risk of failure)
Confirm with . or Enter, or press ? or * to list all spells.
You conjure some foxfire!
* * * LOW HITPOINT WARNING * * *
Your noxious spew wanes.
The ghost moth is no longer distracted by gold.
The ghost moth stares at you. The ghost moth hits you!
* * * LOW HITPOINT WARNING * * *
You feel dopey. You block the ghost moth's attack. The ghost moth stings you!
* * * LOW HITPOINT WARNING * * *
The ghost moth stares at you. The ghost moth hits you!
You die...
Your body crumbles into a pile of gold.

.....###....#.#...#.....##
..................^...###
...................##.#
...................####
.................####
....##...^......#.^.##
............^........##
...........###.$v..^..##
............#...@......##
...##.#.......#v.y......##
..##..##.................#
.##...##....#............#
......#######............#
.....(## ###.....#......#
.......####..............#
^.#.....##...............#
..^......#.......#.......#


You could see a ghost moth (invisible, ally target).

Vanquished Creatures
  Jorgrun (Spider:1)
  Polyphemus (Shoals:2)
  Frances (Spider:2)
  Kirke (Lair:2)
  A kraken (Shoals:1)
  An emperor scorpion (Spider:2)
  A broodmother (Spider:3)
  A stone giant (Volcano)
  3 spark wasps
  2 entropy weavers
  2 merfolk impalers
  Josephine (D:12)
  Fannar (Lair:1)
  Erolcha (D:12)
  2 merfolk avatars (Shoals:2)
  A catoblepas (Shoals:2)
  3 radroaches
  2 satyrs (Shoals:3)
  3 merfolk aquamancers
  A boulder beetle (D:11)
  Erica (D:9)
  3 two-headed ogres
  9 death yaks
  Nergalle (D:12)
  Amaemon (Lair:3)
  5 pharaoh ants
  9 sea snakes
  2 orb spiders
  A deep elf pyromancer (D:12)
  An orc knight (Bailey)
  11 harpies
  4 steelbarb worms (Spider:2)
  2 orc sorcerers (Bailey)
  13 fauns
  2 cyclopes (D:12)
  An ugly thing (D:12)
  6 wolf spiders
  A water nymph (Shoals:1)
  14 manticores
  3 black mambas
  4 merfolk sirens
  7 demonic crawlers
  12 elephants
  Maurice (D:9)
  An orange demon (Lair:3)
  8 cane toads
  3 gargoyles (Volcano)
  8 komodo dragons
  3 torpor snails
  4 rime drakes
  Psyche (D:8)
  2 unseen horrors
  An efreet (Volcano)
  A kobold demonologist (D:12)
  21 merfolk
  A meliai (Lair:3)
  3 hornets (Lair:5)
  2 polar bears (Lair:5)
  2 trolls (D:11)
  7 wind drakes
  Grinder (D:4)
  Prince Ribbit (D:6)
  14 tarantellas
  A snapping turtle (Shoals:2)
  2 dream sheep (Lair:5)
  5 slime creatures
  2 shadows (D:10)
  16 jumping spiders
  2 fire elementals (Volcano)
  4 wraiths
  A vampire (D:9)
  11 spriggans (Lair:5)
  7 water elementals
  14 culicivoras
  33 yaks
  A hog (Lair:2)
  Eustachio (D:5)
  4 wyverns
  3 basilisks
  20 redbacks
  2 fire bats (Volcano)
  Edmund (D:6)
  11 water moccasins
  Menkaure (D:5)
  An acid dragon (D:12)
  2 hell hounds (Lair:2)
  Duvessa (D:6)
  15 orc warriors
  8 black bears
  3 sky beasts
  5 boggarts (Lair:5)
  An ice beast (D:7)
  18 wolves
  3 ogres
  8 centaurs
  6 kobold brigands
  12 bullfrogs
  3 scorpions
  8 necrophages
  2 gnoll sergeants
  6 wights
  Dowan (D:6)
  7 killer bees (Lair:3)
  5 electric eels
  A howler monkey (D:12)
  6 lava snakes (Volcano)
  4 hounds
  2 orc priests
  A jelly (D:7)
  A gnoll bouda (D:7)
  8 orc wizards
  Natasha (D:4)
  5 iguanas
  13 adders
  21 gnolls
  A river rat (Sewer)
  A shadow imp (D:7)
  2 white imps
  An ufetubus (D:6)
  5 worms
  3 dart slugs
  26 orcs
  14 ball pythons
  6 bats
  10 endoplasms
  9 giant cockroaches
  13 goblins
  12 hobgoblins
  13 jackals
  3 quokkas
  2 frilled lizards
  28 kobolds
  7 rats
  A tentacle (Shoals:1)
705 creatures vanquished.

Vanquished Creatures (collateral kills)
  A merfolk siren (Shoals:2)
  A molten gargoyle (Volcano)
  A tarantella (Spider:2)
  A water elemental (Shoals:2)
  2 wraiths (D:12)
  A gnoll sergeant (D:12)
  Natasha (D:4)
  3 gnolls (D:12)
  9 foxfires
20 creatures vanquished.

Vanquished Creatures (others)
  A faun (Shoals:3)
  2 humans (Lair:3)
  3674 foxfires
  16 fungi
  44 plants
  46 tentacles (Shoals:1)
3783 creatures vanquished.

Grand Total: 4508 creatures vanquished

Notes
Turn   | Place    | Note
-------+----------+-------------------------------------------
     0 | D:1      | holysushi the Djinni Necromancer began the quest for the
                  | Orb.
     0 | D:1      | holysushi set off with the following spells memorised:
                  | Necrotise, Vampiric Draining, Animate Dead, Agony.
     0 | D:1      | Reached XP level 1. HP: 15/15 MP: 0/0
    58 | D:1      | Reached skill level 1 in Fighting
    72 | D:1      | Reached XP level 2. HP: 10/22 MP: 0/0
   490 | D:1      | Reached XP level 3. HP: 25/29 MP: 0/0
   490 | D:1      | Learned a level 1 spell: Foxfire
  1337 | D:2      | Reached XP level 4. HP: 30/35 MP: 0/0
  2018 | D:3      | Reached XP level 5. HP: 35/41 MP: 0/0
  2018 | D:3      | Learned a level 2 spell: Wereblood
  2566 | D:3      | Found Weshrinuj's Distillery.
  2603 | D:3      | Bought a potion of heal wounds for 50 gold pieces
  2603 | D:3      | Bought a potion of curing for 30 gold pieces
  2641 | D:3      | Found a faded altar of an unknown god.
  2740 | D:4      | Noticed an ogre
  2747 | D:4      | Killed an ogre
  2748 | D:4      | Reached XP level 6. HP: 40/47 MP: 0/0
  2751 | D:4      | Found a glowing golden altar of the Shining One.
  2876 | D:4      | Noticed Grinder
  2890 | D:4      | Killed Grinder
  2891 | D:4      | Reached skill level 5 in Spellcasting
  2891 | D:4      | Reached XP level 7. HP: 46/52 MP: 0/0
  2891 | D:4      | Learned a level 2 spell: Call Imp
  3092 | D:4      | Noticed Natasha
  3100 | D:4      | Killed Natasha
  3294 | D:4      | Noticed Natasha
  3303 | D:4      | Killed Natasha
  3390 | D:4      | Reached skill level 5 in Dodging
  3888 | D:4      | Reached XP level 8. HP: 52/58 MP: 0/0
  4100 | D:5      | Entered Level 5 of the Dungeon
  4232 | D:5      | Found a staircase to the Ecumenical Temple.
  4241 | Temple   | Entered the Ecumenical Temple
  4330 | Temple   | Became a worshipper of Gozag Ym Sagoz the Greedy
  4373 | D:5      | Noticed Menkaure
  4376 | D:5      | Reached skill level 1 in Shields
  4378 | D:5      | Killed Menkaure
  4400 | D:5      | Noticed Eustachio
  4411 | D:5      | Killed Eustachio
  4460 | D:5      | Found a glowing drain.
  4482 | Sewer    | Entered a sewer
  4987 | Sewer    | Reached XP level 9. HP: 55/62 MP: 0/0
  4987 | Sewer    | Learned a level 4 spell: Olgreb's Toxic Radiance
  6103 | D:6      | Noticed Prince Ribbit
  6110 | D:6      | Killed Prince Ribbit
  6111 | D:6      | Reached skill level 10 in Dodging
  6168 | D:6      | Noticed Edmund
  6176 | D:6      | Killed Edmund
  6187 | D:6      | Noticed Dowan
  6190 | D:6      | Noticed Duvessa
  6200 | D:6      | Killed Duvessa
  6201 | D:6      | Reached skill level 5 in Fighting
  6202 | D:6      | Killed Dowan
  6531 | D:6      | Noticed a two-headed ogre
  6542 | D:6      | Killed a two-headed ogre
  6543 | D:6      | Reached XP level 10. HP: 34/75 MP: 0/0
  6719 | D:6      | Found Ryun's Distillery.
  6725 | D:6      | Bought a potion of heal wounds for 55 gold pieces
  6725 | D:6      | Bought a potion of mutation for 88 gold pieces
  6725 | D:6      | Bought a potion of invisibility for 88 gold pieces
  7762 | D:7      | Identified the ring of Jiomp {EV+5 Int-4 Dex+4 SInv Stlth+}
  8018 | D:8      | Noticed Psyche
  8026 | D:8      | Killed Psyche
  8052 | D:8      | Found Goxiniar's Weapon Shop.
  8169 | D:8      | Found a staircase to the Lair.
  8212 | D:8      | Found a flagged portal.
  8394 | Bailey   | Entered a bailey
  8454 | Bailey   | Reached XP level 11. HP: 30/79 MP: 0/0
  8454 | Bailey   | Learned a level 4 spell: Cause Fear
  8737 | Bailey   | Noticed an orc knight
  9186 | Bailey   | Killed an orc knight
  9214 | Bailey   | Found an iron altar of Okawaru.
  9216 | Bailey   | Noticed an orc sorcerer
  9216 | Bailey   | Noticed an orc sorcerer
  9227 | Bailey   | Paralysed by an orc sorcerer for 5 turns
  9263 | Bailey   | Noticed a sun demon
  9289 | Bailey   | Killed an orc sorcerer
  9595 | Bailey   | Killed an orc sorcerer
  9596 | Bailey   | Reached skill level 15 in Dodging
  9873 | Bailey   | Identified the +1 pair of boots of Faczy {rElec Stlth+}
 10350 | Bailey   | Acquired a manual of Spellcasting
 11150 | D:9      | Noticed Erica
 11162 | D:9      | Killed Erica
 11348 | D:9      | Noticed Maurice
 11365 | D:9      | Killed Maurice
 11384 | D:9      | Identified the +7 broad axe of Pride {flame, rPois rC+
                  | Str+3}
 11948 | D:9      | Noticed a two-headed ogre
 11972 | D:9      | Killed a two-headed ogre
 11973 | D:9      | Reached XP level 12. HP: 41/88 MP: 0/0
 12276 | D:10     | Entered Level 10 of the Dungeon
 12649 | D:10     | Noticed a two-headed ogre
 12658 | D:10     | Killed a two-headed ogre
 13263 | D:10     | Bought a fading short sword for 256 gold pieces
 13263 | D:10     | Identified the +4 short sword "Geocise" {flame, rPois rN++
                  | Str-2 Stlth+} (You bought it in a shop on level 10 of the
                  | Dungeon)
 13594 | D:11     | Reached skill level 10 in Fighting
 13725 | D:11     | Found Pud Dum's Antique Weapon Emporium.
 13733 | D:11     | Bought a crude spear for 280 gold pieces
 13733 | D:11     | Identified the +1 spear "Bekuock" {holy, rC+ rCorr} (You
                  | bought it in a shop on level 11 of the Dungeon)
 13744 | D:11     | Noticed a boulder beetle
 13762 | D:11     | Killed a boulder beetle
 14580 | D:12     | Noticed Josephine
 14639 | D:12     | Killed Josephine
 14640 | D:12     | Reached skill level 10 in Spellcasting
 14714 | D:12     | Noticed Nergalle
 14722 | D:12     | Killed Nergalle
 14863 | D:12     | Reached XP level 13. HP: 91/97 MP: 0/0
 14863 | D:12     | Learned a level 5 spell: Blade Hands
 15052 | D:12     | Noticed Erolcha
 15094 | D:12     | Killed Erolcha
 15318 | D:12     | Found a staircase to the Orcish Mines.
 15639 | Lair:1   | Entered Level 1 of the Lair of Beasts
 16376 | Lair:1   | Noticed Fannar
 16415 | Lair:1   | Killed Fannar
 16993 | Lair:2   | Found a dark tunnel.
 17022 | Volcano  | Entered a volcano
 17275 | Volcano  | Found a burning altar of Makhleb.
 17374 | Volcano  | Noticed a stone giant
 17386 | Volcano  | Killed a stone giant
 17918 | Lair:2   | Reached skill level 1 in Evocations
 18004 | Lair:2   | Reached skill level 5 in Shields
 18004 | Lair:2   | Reached XP level 14. HP: 103/103 MP: 0/0
 18333 | Lair:3   | Found a staircase to the Shoals.
 18400 | Lair:3   | Noticed Kirke
 18539 | D:10     | Bought a masterwork scimitar for 288 gold pieces
 18539 | D:10     | Identified the +9 scimitar "Myuskug" {spect, rElec rPois
                  | rF+ Str-5} (You bought it in a shop on level 10 of the
                  | Dungeon)
 18539 | D:10     | Bought a smoking scimitar for 288 gold pieces
 18539 | D:10     | Identified the +7 scimitar "Zunirenga" {venom, Dex+5} (You
                  | bought it in a shop on level 10 of the Dungeon)
 18689 | Lair:2   | Killed Kirke
 18884 | Lair:3   | Noticed Amaemon
 18913 | Lair:3   | Killed Amaemon
 18939 | Lair:3   | Found a hole to the Spider Nest.
 19520 | Lair:4   | Found a viscous altar of Jiyva.
 19520 | Lair:4   | Found a staircase to the Slime Pits.
 20014 | Lair:4   | Found an ornate altar of the Wu Jian Council.
 20339 | Lair:5   | Entered Level 5 of the Lair of Beasts
 21283 | Lair:5   | Reached XP level 15. HP: 95/111 MP: 0/0
 21283 | Lair:5   | Learned a level 6 spell: Dispersal
 21476 | Shoals:1 | Entered Level 1 of the Shoals
 21505 | Shoals:1 | Noticed a kraken
 22353 | Shoals:1 | Reached skill level 15 in Spellcasting
 23193 | Shoals:1 | Killed a kraken
 23551 | Shoals:2 | Noticed Roxanne
 24071 | Shoals:2 | Reached XP level 16. HP: 118/118 MP: 0/0
 24282 | Shoals:2 | Noticed Polyphemus
 24306 | Shoals:2 | Killed Polyphemus
 24636 | Shoals:2 | Found a blossoming altar of Fedhas.
 25201 | Shoals:3 | Acquired the +1 hat "Paofeaj" {+Blink}
 25253 | Shoals:3 | Noticed Bai Suzhen
 25348 | Spider:1 | Entered Level 1 of the Spider Nest
 25355 | Lair:3   | Bought a distressingly furry leather armour for 259 gold
                  | pieces
 25355 | Lair:3   | Identified the +1 leather armour of Wucagad {Regen+ Str+2}
                  | (You bought it in a shop on level 3 of the Lair of Beasts)
 25355 | Lair:3   | Bought a crude buckler for 351 gold pieces
 25355 | Lair:3   | Identified the +2 buckler of the Depths {MP+9 Int+3 Stlth+}
                  | (You bought it in a shop on level 3 of the Lair of Beasts)
 25355 | Lair:3   | Bought a heavily runed leather armour for 259 gold pieces
 25355 | Lair:3   | Identified the +1 leather armour of the Enchanting Gods
                  | {rElec rN+ Stlth+} (You bought it in a shop on level 3 of
                  | the Lair of Beasts)
 25524 | Spider:1 | Noticed Jorgrun
 25539 | Spider:1 | Killed Jorgrun
 25948 | Spider:1 | Reached skill level 5 in Evocations
 26878 | Spider:2 | Reached skill level 15 in Fighting
 27245 | Spider:2 | Reached XP level 17. HP: 126/131 MP: 0/0
 27245 | Spider:2 | Learned a level 6 spell: Eringya's Noxious Bog
 27257 | Spider:2 | Noticed Frances
 27284 | Spider:2 | Killed Frances
 27470 | Spider:2 | You are sucked into a shaft and drop 1 floor!
 27994 | Spider:2 | Lost strength.
 27998 | Spider:2 | Slain by a ghost moth

Illustrated notes

Levels and vault maps discovered:
D:1:      saegor_arrival_simple_e, layout_loops_corners
D:2:      layout_rooms
D:3:      layout_basic, serial_shops, nicolae_shop_window_shopping,
          shapermc_ecumenical_altar_mp_vishouse
D:4:      cheibrodos_barr_body, layout_loops_ring, nicolae_tso_carved_into_rock,
          uniq_natasha, uniq_grinder
D:5:      layout_basic, minmay_temple_entry_antechambers, gup_sewer_entry_glass,
          uniq_menkaure, uniq_eustachio
D:6:      layout_cave_pools, serial_shops, shop, chequers_mini_garden,
          grunt_decor_fettered, uniq_edmund, uniq_duvessa, uniq_prince_ribbit1
D:7:      layout_loops_ring, minmay_misc_feat_tower
D:8:      layout_cave_pools, david_lair_generic, serial_shops,
          nicolae_lakefront_shop, enter_bailey_5, uniq_psyche
D:9:      layout_rooms, roderic_roman_lattice, statue_in_the_mist_lemuel,
          nicolae_titane, uniq_maurice, uniq_erica
D:10:     layout_gridville
D:11:     layout_basic, serial_shops, shop
D:12:     layout_loops_ring, orc_0_dummy, nicolae_water_bricks,
          minmay_misc_feat_rugged, hangedman_decor_diamond_cutter,
          grunt_ministairs_3, uniq_josephine, uniq_nergalle, uniq_erolcha
Temple:   regret_index_temple_sigil_plot
Lair:1:   hellmonk_ruined_rings, layout_cave_pods, uniq_fannar
Lair:2:   layout_cave_pods, enter_volcano_3, roderic_carrion_pond
Lair:3:   layout_long_grid, shoals_dummy_entry,
          hellmonk_spider_entry_not_the_bees, hangedman_lair_unloving_vines,
          serial_bayou_pond_e, minmay_holes, serial_bayou_shore_b, uniq_kirke,
          uniq_amaemon
Lair:4:   layout_gridlike, dpeg_slime_entry_enclosed, basic_altar,
          patterned_corridor
Lair:5:   minmay_lair_end_enchanted_forest, layout_long_grid
Shoals:1: layout_shoals, nicolae_shoals_wave_tunnel
Shoals:2: layout_shoals, lemuel_centaur_altar, uniq_polyphemus, uniq_roxanne
Shoals:3: layout_shoals, uniq_bai_suzhen
Spider:1: layout_chambers, nicolae_spider_twisty_arc_passages, uniq_jorgrun
Spider:2: layout_spider_delve, hangedman_spider_tarantella_strand, uniq_frances
Spider:3: layout_spider_delve, nicolae_spider_cling_ruins

Skill      XL: |  1  2  3  4  5  6  7  8  9 10 11 12 13 14 15 16 17 |
---------------+----------------------------------------------------+-----
Fighting       | 1 2 3 4 7 8 10 11 12 15 16 | 16.0
Spellcasting   | 4 5 7 10 12 14 16 | 16.2
Dodging        | 3 5 8 10 13 15 16 | 16.9
Shields        | 2 3 5 6 |  6.8
Evocations     | 1 3 5 |  5.0
Stealth        | |  1.5

Action                   |  1- 3 |  4- 6 |  7- 9 | 10-12 | 13-15 | 16-18 || total
-------------------------+-------+-------+-------+-------+-------+-------++-------
Melee: Unarmed           |     8 |       |     6 |       |    40 |       ||    54
       Short sword       |       |       |       |    28 |       |       ||    28
       Staff             |       |       |       |     3 |    31 |       ||    34
       Broad axe         |       |       |       |     2 |       |     1 ||     3
       Punch             |       |       |       |       |     1 |       ||     1
       Scimitar          |       |       |       |       |    35 |    73 ||   108
 Cast: Necrotise         |    37 |       |       |       |       |       ||    37
       Foxfire           |    59 |   126 |   325 |   726 |   736 |   251 ||  2223
       Vampiric Draining |       |     1 |    43 |   189 |   420 |    91 ||   744
       Call Imp          |       |       |     4 |     9 |     3 |     3 ||    19
       Olgreb's Toxic Ra |       |       |       |    13 |    64 |    79 ||   156
       Cause Fear        |       |       |       |     1 |     1 |       ||     2
       Blade Hands       |       |       |       |       |     5 |       ||     5
       Dispersal         |       |       |       |       |    12 |    11 ||    23
       Eringya's Noxious |       |       |       |       |       |    18 ||    18
Invok: Call Merchant     |       |       |       |     2 |     1 |     1 ||     4
 Abil: Evoke Blink       |       |       |       |       |       |     1 ||     1
Evoke: Wand              |       |       |       |     1 |     1 |     4 ||     6
  Use: Scroll            |     2 |     4 |     4 |    12 |     5 |     5 ||    32
       Potion            |       |       |       |     5 |       |     3 ||     8
 Stab: Distracted        |       |       |     1 |       |     1 |     2 ||     4
       Sleeping          |       |       |       |     1 |       |       ||     1
Armor: Robe              |     8 |       |    14 |    52 |    84 |    42 ||   200
Dodge: Dodged            |    24 |     5 |    64 |   268 |   743 |   410 ||  1514
Block: Buckler           |       |       |    10 |    64 |       |       ||    74
       Kite shield       |       |       |       |    15 |   448 |   220 ||   683

Table legend: (Time is in decaauts)
 A = Elapsed time spent in this place.
 B = Non-inter-level travel time spent in this place.
 C = Inter-level travel time spent in this place.
 D = Time resting spent in this place.
 E = Time spent auto-exploring this place.
 F = Levels seen in this place.
 G = Mean time per level.
                   A        B        C        D        E       F      G
               +--------+--------+--------+--------+--------+-----+--------+
         Total |  28166 |  27238 |    928 |   2875 |  15509 |  27 | 1043.2 |
       Dungeon |  12728 |  12300 |    428 |   1144 |   7903 |  12 | 1060.7 |
        Temple |    121 |    121 |      0 |      0 |      0 |   1 |  121.0 |
          Lair |   5223 |   4922 |    301 |     29 |   3357 |   5 | 1044.6 |
        Shoals |   3852 |   3740 |    112 |    763 |   1513 |   3 | 1284.0 |
   Spider Nest |   2698 |   2613 |     85 |    416 |   1371 |   3 |  899.3 |
         Sewer |   1003 |   1003 |      0 |      0 |    717 |   1 | 1003.0 |
        Bailey |   1975 |   1975 |      0 |    489 |    450 |   1 | 1975.0 |
       Volcano |    562 |    562 |      0 |     34 |    198 |   1 |  562.0 |
               +--------+--------+--------+--------+--------+-----+--------+

Top non-repeatable levels by time:
  Bailey: 1975 daAuts
Shoals:1: 1922 daAuts
Shoals:2: 1760 daAuts
Spider:1: 1671 daAuts
     D:9: 1546 daAuts
     D:4: 1390 daAuts
    D:12: 1366 daAuts
  Lair:2: 1299 daAuts
     D:1: 1221 daAuts
  Lair:5: 1106 daAuts
     D:8: 1057 daAuts
  Lair:1: 1025 daAuts
   Sewer: 1003 daAuts
     D:7: 997 daAuts
    D:11: 972 daAuts
